 Dungeon Crawl Stone Soup version 0.21.1-1-g345015f (webtiles) character file.

120 Supreme the Conjurer (level 4, -1/24 HPs)
             Began as a Deep Elf Conjurer on Apr 10, 2018.
             Slain by a gnoll
             ... wielding a +0 whip
              (4 damage)
             ... on level 5 of the Dungeon.
             The game lasted 00:18:33 (1568 turns).

Supreme the Conjurer (Deep Elf Conjurer)            Turns: 1568, Time: 00:18:34

Health: -1/24      AC:  5    Str:  5    XL:     4   Next: 75%
Magic:  12/12      EV:  7    Int: 23    God:
Gold:   156        SH:  0    Dex: 15    Spells: 6/12 levels left

rFire    . . .     SeeInvis .   f - +0 spear
rCold    . . .     Gourm    .   (no shield)
rNeg     . . .     Faith    .   a - +0 robe
rPois    .         Spirit   .   (no helmet)
rElec    .         Reflect  .   (no cloak)
rCorr    .         Harm     .   v - +2 pair of gloves
MR       .....                  (no boots)
Stlth    ++........             (no amulet)
HPRegen  0.08/turn              l - +2 ring of intelligence
MPRegen  0.13/turn              (no ring)

@: held
A: no striking features
a: no special abilities


You were on level 5 of the Dungeon.
You were not hungry.

You visited 1 branch of the dungeon, and saw 5 of its levels.

You collected 156 gold pieces.

Inventory:

Hand Weapons
 d - a +0 hand axe
 f - a +0 spear (weapon)
 g - a +0 whip
 i - a +0 dagger
 j - a +0 hunting sling
 k - a +0 dagger
 m - a +0 dagger
 t - a +0 whip
 A - a +0 blowgun
 B - a +0 short sword
 D - a +0 mace
 I - a +4 spear of piercing
 J - a +0 dagger of freezing
 K - a +0 whip
Missiles
 z - 11 poisoned needles
 G - 4 tomahawks (quivered)
Armour
 a - a +0 robe (worn)
 v - a +2 pair of gloves (worn)
 y - a +0 robe
 C - a +0 robe
 H - a +3 leather armour of fire resistance
Jewellery
 l - a +2 ring of intelligence (left hand)
Scrolls
 e - 4 scrolls of identify {unknown}
 r - a scroll of immolation {unknown}
 s - a scroll of amnesia {unknown}
 w - 2 scrolls of enchant armour {unknown}
 x - 2 scrolls of blinking {unknown}
 E - a scroll of remove curse {unknown}
 L - a scroll of teleportation {unknown}
Potions
 h - a potion of heal wounds {unknown}
 n - 2 potions of might {unknown}
 o - a potion of lignification {unknown}
 p - a potion of ambrosia {unknown}
 q - a potion of brilliance {unknown}
 F - 2 potions of curing {unknown}
Books
 b - a book of Conjurations

   Spells                             Type                      Level
   a - Magic Dart                     Conjuration                  1
   b - Searing Ray                    Conjuration                  2
   c - Dazzling Spray                 Conjuration/Hexes            3
   d - Fulminant Prism                Conjuration/Hexes            4
   e - Force Lance                    Conjuration/Translocation    4
   f - Iskenderun's Mystic Blast      Conjuration                  4
Comestibles
 c - 2 rations
 u - 2 chunks of flesh


   Skills:
 + Level 0.7 Fighting
 + Level 2.5 Dodging
 + Level 2.9 Stealth
 * Level 4.8 Spellcasting
 + Level 5.5 Conjurations


You had 6 spell levels left.
You knew the following spells:

 Your Spells              Type           Power        Failure   Level  Hunger
a - Magic Dart            Conj           ####         1%          1    None
b - Searing Ray           Conj           ####..       1%          2    None
c - Dazzling Spray        Conj/Hex       ###...       10%         3    ##.....


Dungeon Overview and Level Annotations

Branches:
Dungeon (5/15)
 Temple: D:4-7

Altars:
Dithmenos
Makhleb
Ru

Annotations:
D:3 shugdite's ghost, amateur KoGl


Message History

L - a scroll labeled HEFEUF BADOAKU
There is a stone staircase leading down here.
Some of the chunks of flesh in your inventory have rotted away.
w - 2 scrolls labeled JATSITU WUIGEPS (gained 1)
You fall through a shaft!
The shaft crumbles and collapses.
The gnoll throws a throwing net.
The throwing net hits you.
You become entangled in the net!
You see here a throwing net.
You struggle against the net.
You struggle against the net.
You tear a large gash into the net.
You shred the net and break free!
The gnoll throws a throwing net.
The throwing net hits you.
You become entangled in the net!
You tear a large gash into the net.
The crimson imp blinks!
You struggle against the net.
The gnoll hits you with a whip!
You struggle against the net.
The gnoll closely misses you.
The gnoll hits you from afar with a spear!
* * * LOW HITPOINT WARNING * * *
You struggle against the net.
The gnoll hits you with a whip.
You die...

#############
##.....#.....##
##.......5.....##
#..<..........<.#
#...............#
#.............g.#
#....@ggg......g#
#...............#
##......w......##
##.....#....5##
.....######...(
.....# ###...
...... #...w
...... #..... #.#
#...#..


You could see a worm, 3 gnolls and a crimson imp.

Vanquished Creatures
  6 adders
  A gnoll (D:4)
  An adder skeleton (D:4)
  2 worms
  2 dart slugs
  A leopard gecko (D:3)
  An orc (D:4)
  A giant cockroach (D:1)
  4 goblins
  3 hobgoblins
  3 jackals (D:1)
  A quokka (D:2)
  2 ball pythons
  4 bats
  3 frilled lizards
  5 kobolds
  A leopard gecko skeleton (D:4)
  A quokka skeleton (D:4)
  6 rats
48 creatures vanquished.

Notes
Turn   | Place    | Note
-------+----------+-------------------------------------------
     0 | D:1      | Supreme the Deep Elf Conjurer began the quest for the Orb.
     0 | D:1      | Reached XP level 1. HP: 10/10 MP: 6/6
   171 | D:1      | Reached XP level 2. HP: 9/15 MP: 4/8
   175 | D:1      | Learned a level 2 spell: Searing Ray
   460 | D:1      | Reached skill level 5 in Conjurations
   733 | D:2      | Reached XP level 3. HP: 19/19 MP: 7/10
   738 | D:2      | Learned a level 3 spell: Dazzling Spray
   943 | D:3      | Noticed shugdite's ghost (amateur KoGl)
  1017 | D:2      | Found a sacrificial altar of Ru.
  1018 | D:2      | Found a burning altar of Makhleb.
  1060 | D:3      | Found a shadowy altar of Dithmenos.
  1106 | D:3      | Reached XP level 4. HP: 24/24 MP: 8/12
  1305 | D:4      | Found a large runed door.
  1305 | D:4      | Found a large runed door.
  1326 | D:4      | Found a large runed door.
  1326 | D:4      | Found a large runed door.
  1405 | D:5      | Entered Level 5 of the Dungeon
  1560 | D:4      | You fall through a shaft!
  1568 | D:5      | Slain by a gnoll

Skill      XL: |  1  2  3 |
---------------+----------+-----
Conjurations   | 5 |  5.5
Spellcasting   | 4 |  4.8
Fighting       | |  0.7
Dodging        | |  2.5
Stealth        | |  2.9

Action                   |  1- 3 |  4- 6 || total
-------------------------+-------+-------++-------
Melee: Hand axe          |     3 |       ||     3
 Cast: Magic Dart        |    52 |    24 ||    76
       Searing Ray       |     9 |     4 ||    13
  Eat: Chunk             |     1 |     1 ||     2
Armor: Robe              |     1 |     3 ||     4
Dodge: Dodged            |    11 |     6 ||    17
